 Dungeon Crawl Stone Soup version 0.29.1-2-gbd0b4ee654 (webtiles) character file.

Game seed: 17038861474650085248

1096 croobank the Conjurer (level 8, -3/60 HPs)
             Began as a Demonspawn Conjurer on Oct 29, 2022.
             Killed from afar by Maggie (14 damage)
             ... with a bolt of fire
             ... on level 6 of the Dungeon.
             The game lasted 00:21:44 (9143 turns).

croobank the Conjurer (Demonspawn Conjurer)         Turns: 9143, Time: 00:21:44

Health: -3/60      AC:  7    Str:  7 (8)  XL:     8   Next: 10%
Magic:  2/14       EV: 11    Int: 19 (22) God:
Gold:   324        SH:  0    Dex: 10 (11) Spells: 8/15 levels left

rFire   . . .      SeeInvis .   k - +3 falchion (flame)
rCold   . . .      Faith    .   (no shield)
rNeg    . . .      Spirit   .   c - +0 ring mail
rPois   .          Reflect  .   (no helmet)
rElec   .          Harm     .   r - +0 cloak
rCorr   .          Rampage  .   l - +0 pair of gloves
Will    .....                   (no boots)
Stlth   ++........              (no amulet)
HPRegen 0.20/turn               (no ring)
MPRegen 0.14/turn               (no ring)

@: no status effects
A: claws 1, powered by death 2, sturdy frame 1
a: no special abilities


You were on level 6 of the Dungeon.
You visited 1 branch of the dungeon, and saw 6 of its levels.

You collected 372 gold pieces.
You spent 48 gold pieces at shops.

Inventory:

Hand Weapons
 d - a +0 short sword of draining
 h - a +2 dagger of venom
 k - a +3 falchion of flaming (weapon)
 m - a +0 trident
 n - a +0 shortbow
 q - a +3 quarterstaff of chaos
 s - a +3 hammer
Missiles
 p - 9 poisoned darts
Armour
 a - a +0 robe
 c - a +0 ring mail (worn)
 l - a +0 pair of gloves (worn)
 r - a +0 cloak (worn)
Scrolls
 f - a scroll of vulnerability
 i - a scroll of amnesia
 t - 2 scrolls of identify
Potions
 b - 3 potions of magic
 e - 2 potions of curing
 g - a potion of cancellation
 j - a potion of attraction
 u - a potion of invisibility {unknown}


   Skills:
 + Level 3.6 Fighting
 + Level 4.0 Dodging
 + Level 4.2 Stealth
 + Level 4.0 Spellcasting
 + Level 5.6 Conjurations
 + Level 2.9 Translocations


You had 8 spell levels left.
You knew the following spells:

 Your Spells              Type           Power      Damage    Failure   Level
a - Magic Dart            Conj           100%       1d8       2%          1
b - Searing Ray           Conj           50%        2d6       4%          2
c - Iskenderun's Mystic   Conj/Tloc      20%        2d6       41%         4

Your spell library contained the following spells:

 Spells                   Type           Power      Damage    Failure   Level
 Dazzling Flash           Conj/Hex       28%        N/A       26%         3
 Fulminant Prism          Conj/Hex       7%         3d7       63%         4


Dungeon Overview and Level Annotations

Branches:
Dungeon (6/15)             Temple (0/1) D:6

Altars:
Ashenzari
Cheibriados
Dithmenos
Sif Muna

Shops:
D:2 *

Annotations:
D:4 3 runed translucent doors, miserystealer's ghost, novice HuCA
D:6 Maggie


Innate Abilities, Weirdness & Mutations

You have sharp fingernails.
You regenerate health from kills.
Your movements are slightly less encumbered by armour. (ER -2)


Message History

Maggie is severely wounded.
Maggie barely misses you.
You closely miss Maggie.
Maggie is severely wounded.
Maggie gestures at you while chanting. The bolt of fire hits you!
* * * LOW HITPOINT WARNING * * *
What are your orders? t - Shout!
Orders for allies: a - Attack new target. p - Attack previous target. r - Retreat! s - Stop attacking. g - Guard the area. f - Follow me.
Anything else - Cancel.
Gang up on whom?
Press: ? - help, Dir - move target, f/p - Maggie
Aim: Maggie, wielding a +0 war axe of flaming and wearing +0 steam dragon scales (severely wounded)
Okay, then.
Okay, then.
Okay, then.
Okay, then.
Okay, then.
Casting: Searing Ray (safe; 4% risk of failure)
Confirm with . or Enter, or press ? or * to list all spells.
You don't know that spell.
Casting: Searing Ray (safe; 4% risk of failure)
Confirm with . or Enter, or press ? or * to list all spells.
You erupt in a blast of force!
The mystic blast hits Maggie.
Maggie is severely wounded.
Maggie is knocked back by the mystic blast.
Casting: Iskenderun's Mystic Blast (quite dangerous; 41% risk of failure)
Confirm with . or Enter, or press ? or * to list all spells.
Aiming: Searing Ray (safe; 4% risk of failure)
Press: ? - help, Shift-Dir - straight line, f/p - Maggie
Aim: Maggie, wielding a +0 war axe of flaming and wearing +0 steam dragon scales (severely wounded, 79% to hit)
The searing ray hits Maggie!
Maggie is almost dead. (Press . to maintain the ray.) Maggie gestures at you while chanting.
The bolt of fire hits you!
You die...

#..# .. #.. ..
###.########
..
#..........#
..
#.........##
.. #......###
## #.......###
##...##...###
#.@#####...###
#..## ###...##
#.@. ###..###
#..# ###..###
#..# ##...#
#..# ###.. #.#
### .# #


You could see Maggie.

Vanquished Creatures
  An ice beast (D:6)
  A centaur (D:5)
  A phantom (D:3)
  A kobold brigand (D:6)
  A bullfrog (D:6)
  3 scorpions
  A howler monkey (D:5)
  An orc priest (D:6)
  A hound (D:4)
  2 jellies
  Crazy Yiuf (D:5)
  2 iguanas (D:5)
  2 orc wizards (D:3)
  4 gnolls
  10 adders
  A shadow imp (D:5)
  A white imp (D:6)
  An ufetubus (D:6)
  4 worms
  2 dart slugs
  11 orcs
  8 bats
  5 endoplasms
  3 giant cockroaches
  5 goblins
  5 hobgoblins
  9 jackals
  11 kobolds
  A quokka (D:5)
  5 ball pythons
  6 rats
110 creatures vanquished.

Vanquished Creatures (collateral kills)
  A kobold (D:2)
1 creature vanquished.

Vanquished Creatures (others)
  An orc (D:5)
1 creature vanquished.

Grand Total: 112 creatures vanquished

Notes
Turn   | Place    | Note
-------+----------+-------------------------------------------
     0 | D:1      | croobank the Demonspawn Conjurer began the quest for the
                  | Orb.
     0 | D:1      | Reached XP level 1. HP: 13/13 MP: 3/3
   192 | D:1      | Found a faded altar of an unknown god.
   278 | D:1      | Gained mutation: You regenerate a little health from kills.
                  | [demonic ancestry]
   278 | D:1      | Reached XP level 2. HP: 20/20 MP: 3/5
   281 | D:1      | Learned a level 2 spell: Searing Ray
  1247 | D:2      | Reached XP level 3. HP: 24/25 MP: 2/6
  1249 | D:2      | Reached skill level 1 in Fighting
  1695 | D:2      | Found Nuxox's Assorted Antiques.
  1707 | D:2      | Bought a scroll labelled NAINNY BAMA for 24 gold pieces
  1707 | D:2      | Bought a scroll labelled KOATIPPA SER HOLLI for 24 gold
                  | pieces
  2628 | D:2      | Gained mutation: You have sharp fingernails. [demonic
                  | ancestry]
  2628 | D:2      | Reached XP level 4. HP: 32/32 MP: 7/7
  2678 | D:2      | Learned a level 4 spell: Iskenderun's Mystic Blast
  2955 | D:3      | Noticed a phantom
  2972 | D:3      | Killed a phantom
  2973 | D:3      | Reached XP level 5. HP: 15/38 MP: 1/9
  3380 | D:3      | Reached skill level 1 in Translocations
  4269 | D:4      | Found a runed translucent gate.
  4269 | D:4      | Found a runed translucent gate.
  4269 | D:4      | Found a runed translucent gate.
  4270 | D:4      | Noticed miserystealer's ghost (novice HuCA)
  4272 | D:4      | Reached XP level 6. HP: 44/44 MP: 8/10
  4281 | D:4      | Identified the +8 spear of Disarray {vorpal, Contam rCorr
                  | Int+4 Dex+6}
  4616 | D:4      | HP: 1/45 [scorpion (5)]
  5689 | D:5      | Entered Level 5 of the Dungeon
  6723 | D:5      | Reached skill level 5 in Conjurations
  6723 | D:5      | Gained mutation: You regenerate health from kills. [demonic
                  | ancestry]
  6723 | D:5      | Reached XP level 7. HP: 38/51 MP: 5/12
  7354 | D:5      | Found a shadowy altar of Dithmenos.
  8337 | D:5      | Found a runed translucent door.
  8338 | D:5      | Noticed Crazy Yiuf
  8351 | D:5      | Killed Crazy Yiuf
  8628 | D:6      | Found a broken altar of Ashenzari.
  8631 | D:6      | Found a shimmering blue altar of Sif Muna.
  8634 | D:6      | Found a snail-covered altar of Cheibriados.
  8653 | D:6      | Found a staircase to the Ecumenical Temple.
  8821 | D:6      | Gained mutation: Your movements are slightly less
                  | encumbered by armour. (ER -2) [demonic ancestry]
  8821 | D:6      | Reached XP level 8. HP: 59/59 MP: 4/14
  9125 | D:6      | Noticed Maggie
  9143 | D:6      | Killed from afar by Maggie

Illustrated notes

Levels and vault maps discovered:
D:1:      eino_arrival_cavern_e, layout_basic,
          shapermc_ecumenical_altar_starsandcircs, minivault_25,
          hangedman_decor_growths
D:2:      layout_loops_cross, serial_shops, shop_coins
D:3:      layout_basic, chequers_garden
D:4:      layout_cave_pools, lightli_ossuary_entry_decrepit_ruins,
          biasface_ghost_orc_armoury
D:5:      layout_layer_cave, general_overflow_altar, uniq_crazy_yiuf_cottage
D:6:      layout_cave_pods, grunt_temple_overflow_diamond,
          minmay_temple_entry_proselytizer, serial_column_ruins,
          column_ruins_hut, column_ruins_grid_1, column_ruins_open_small,
          column_ruins_open_tiny, column_ruins_grid_3, column_ruins_open_tiny,
          uniq_maggie, uniq_menkaure, uniq_edmund

Skill      XL: |  1  2  3  4  5  6  7 |
---------------+----------------------+-----
Stealth        | 2 3 4 |  4.2
Dodging        | 2 3 4 |  4.0
Fighting       | 1 2 3 |  3.6
Translocations | 1 2 |  2.9
Spellcasting   | 3 4 |  4.0
Conjurations   | 5 |  5.6

Action                   |  1- 3 |  4- 6 |  7- 9 || total
-------------------------+-------+-------+-------++-------
Melee: Dagger            |    23 |     9 |     1 ||    33
       Falchion          |    11 |    36 |    73 ||   120
       Short sword       |       |    31 |       ||    31
       Punch             |       |       |     1 ||     1
 Cast: Magic Dart        |    69 |    81 |    41 ||   191
       Searing Ray       |     3 |     6 |    10 ||    19
       Iskenderun's Myst |       |       |     1 ||     1
  Use: Scroll            |     6 |    10 |     3 ||    19
       Potion            |       |     3 |     5 ||     8
 Stab: Sleeping          |     4 |     4 |     1 ||     9
Armor: Robe              |     9 |    15 |       ||    24
       Ring mail         |       |     5 |    53 ||    58
Dodge: Dodged            |    19 |    70 |    85 ||   174
